Cogmind - Beta 15 @@@ ROGUE MODE // 2025.09.20 @ 03:12:25 Player: Lillith Result: Destroyed by D-53 Grenadier with Mini Grenade Launcher Performance ------------- Evolutions (0) 0 Regions Visited (4) 800 Robots Destroyed (33) 165 Value Destroyed (568) 568 Prototype IDs (0) 0 Alien Tech Used (0) 0 Bonus (102) 102 TOTAL SCORE: 1635 Bonus ------- Follower Combat Kills 102 Cogmind --------- Core Integrity 0/250 Matter 153/300 Energy 84/100 System Corruption 0% Temperature Cool (0) Movement Treading (240) Ox1 Location -9/Mines Parts ------- > --- POWER (1) -------- (None) > --- PROPULSION (2) --- Medium Treads > --- UTILITY (2) ------ High-capacity Storage Unit Seismic Detector > --- WEAPON (2) ------- Assault Rifle Assault Rifle > --- INVENTORY (20) --- Light Treads Light Treads Gravmag System Medium Matter Pod (100) Structural Scanner Signal Interpreter Improved Terrain Scanner Light Assault Rifle Light Cannon Light Cannon Light Cannon Light Cannon Gauss Cannon Grenade Launcher Mining Laser Hammer Peak State ------------ > --- POWER ------------ Light Ion Engine > --- PROPULSION ------- Light Treads Wheel > --- UTILITY ---------- High-capacity Storage Unit Seismic Detector > --- WEAPON ----------- Assault Rifle Light Assault Rifle > --- INVENTORY -------- Light Ion Engine Light Treads Light Treads Medium Treads Gravmag System Medium Matter Pod Structural Scanner Signal Interpreter Improved Terrain Scanner Assault Rifle Assault Rifle Light Cannon Light Cannon Light Cannon Light Cannon Gauss Cannon Grenade Launcher Mining Laser Hammer [Rating: 10] Favorites ----------- Power Light Ion Engine Engine Light Ion Engine Propulsion Light Treads Treads Light Treads Wheel Wheel Utility Seismic Detector Device Seismic Detector Storage High-capacity Storage Unit Weapon Assault Rifle Ballistic Gun Assault Rifle Ballistic Cannon Light Cannon Launcher Grenade Launcher Build | -11 -10 -10 -10 -9 ------- Run | Yrd Mat Min Exi Min Slots Evolved . | . . . . . Power . | . . . . . Propulsion . | . . . . . Utility . | . . . . . Weapon . | . . . . . Parts Attached 18 | 8 4 . . 6 Power 2 | 1 . . . 1 Engine 2 | 1 . . . 1 Core . | . . . . . Reactor . | . . . . . Propulsion 6 | 3 2 . . 1 Treads 3 | 1 1 . . 1 Leg . | . . . . . Wheel 3 | 2 1 . . . Hover . | . . . . . Flight . | . . . . . Utility 4 | 2 2 . . . Device 1 | 1 . . . . Storage 3 | 1 2 . . . Processor . | . . . . . Hackware . | . . . . . Protection . | . . . . . Artifact . | . . . . . Weapon 6 | 2 . . . 4 Energy Gun . | . . . . . Energy Cannon . | . . . . . Ballistic Gun 4 | 2 . . . 2 Ballistic Cannon 1 | . . . . 1 Launcher 1 | . . . . 1 Special Weapon . | . . . . . Impact Weapon . | . . . . . Slashing Weapon . | . . . . . Piercing Weapon . | . . . . . Special Melee Weapon . | . . . . . Unidentified Prototypes . | . . . . . Parts Lost 5 | . 1 . . 4 Power 2 | . . . . 2 Propulsion 3 | . 1 . . 2 Utility . | . . . . . Weapon . | . . . . . Highest Loss Streak 3 | . 1 . . 3 To Critical Strikes . | . . . . . Average Backups 11 | 4 9 15 16 17 Power . | . . 1 1 . Propulsion 2 | 2 1 2 2 2 Utility 3 | . 3 4 4 4 Weapon 5 | . 3 8 9 9 Tool/Special . | . . . . . Unused Backups 16 | . 3 . . 13 Power . | . . . . . Propulsion 5 | . 2 . . 3 Utility 4 | . . . . 4 Weapon 7 | . 1 . . 6 Tool/Special . | . . . . . Average Slot Usage (%) 99 | . 99 100 100 99 Engine 13 | . 14 14 14 13 Treads 14 | . 14 14 14 14 Wheel 13 | . 13 14 14 14 Device 14 | . 14 14 14 14 Storage 14 | . 14 14 14 14 Ballistic Gun 27 | . 27 28 28 26 Peak Build Rating 10 | 8 8 8 8 10 Average Rating 8 | 6 7 8 8 8 On Entrance 6 | . 8 8 8 8 Naked Turns . | . . . . . Heaviest Build 87 | 12 87 47 47 49 Greatest Support 20 | 20 20 10 10 10 Greatest Overweight (x) 8 | 1 8 4 4 4 Average Overweight (x) 3 | . 3 4 4 4 Largest Inventory Capacity 25 | 8 25 20 20 20 Average Capacity 16 | 7 15 20 20 20 Most Carried 19 | 8 15 16 16 19 Average Carried 12 | 4 9 15 16 17 Final Capacity 20 | 8 20 20 20 20 Final Carried 16 | 8 15 16 16 16 Class Distribution -------------------- 100% | Mutant Dominant Class ---------------- Mutant | -10/Materials Mutant | -10/Mines Mutant | -10/Exiles Mutant | -9/Mines Resources | -11 -10 -10 -10 -9 ----------- Run | Yrd Mat Min Exi Min Matter Collected 861 | 259 584 6 . 12 Remotely . | . . . . . Salvage Created 918 | 99 765 . . 54 Parts 59 | 7 48 . . 4 Haulers Intercepted 2 | . 2 . . . Recyclers Shooed 3 | . 3 . . . Parts Field Recycled . | . . . . . Retrieved Matter . | . . . . . Parts Self-Destructed . | . . . . . Prevented . | . . . . . Kills | -11 -10 -10 -10 -9 ------- Run | Yrd Mat Min Exi Min Combat Hostiles Destroyed 30 | . 18 . . 12 Guns 19 | . 18 . . 1 AOE 11 | . . . . 11 Classes Destroyed 10 | 2 7 . . 1 Worker 1 | . 1 . . . Builder 1 | . 1 . . . Tunneler 2 | 2 . . . . Hauler 2 | . 2 . . . Recycler 3 | 1 2 . . . Operator 2 | . 2 . . . Watcher 3 | . 3 . . . Swarmer 10 | . 9 . . 1 Grunt 9 | . 9 . . . Assembled 11 | . . . . 11 Best Kill Streak 11 | 2 7 . . 11 Combat Bots Only 11 | . 3 . . 11 Max Kills in Single Turn 4 | 1 2 . . 4 Gunslinging 1 | . 1 . . . Exploded 4 | . . . . 4 Melee . | . . . . . Uniques/NPCs Destroyed . | . . . . . Combat | -11 -10 -10 -10 -9 -------- Run | Yrd Mat Min Exi Min Hostile Shots Fired 89 | . 70 . . 19 Missed 23 | . 18 . . 5 Hits 66 | . 52 . . 14 Melee 5 | . . . . 5 Projectile 61 | . 52 . . 9 AOE 2 | . . . . 2 Critical Strikes 1 | . . . . 1 Damage Taken 939 | . 514 . . 425 Core 263 | . 152 . . 111 Absorbed by Shields . | . . . . . Regen/Repaired (Parts) 84 | . 84 . . . Core Remaining (%) 100 | 100 . . . . Volleys Fired 123 | 8 98 . . 17 Largest 2 | 2 2 . . 2 Hottest 40 | 40 40 . . 40 Shots Fired 238 | 16 196 . . 26 Gun 231 | 16 196 . . 19 Cannon . | . . . . . Launcher 7 | . . . . 7 Special . | . . . . . Kinetic 231 | 16 196 . . 19 Thermal . | . . . . . Explosive 7 | . . . . 7 Electromagnetic . | . . . . . Robot Hit Streak 9 | 4 9 . . 2 Robot Miss Streak 8 | 1 8 . . 7 Penetration Max . | . . . . . Secondary Targets 4 | . 3 . . 1 Max Gunslinging Chain 1 | . 1 . . 1 Shots Hit Robots 133 | 11 112 . . 10 Core Hits 72 | 4 49 . . 19 Critical Kills . | . . . . . Critical Parts Destroyed . | . . . . . Critical Strikes . | . . . . . Melee Attacks . | . . . . . Impact . | . . . . . Slashing . | . . . . . Piercing . | . . . . . Sneak Attacks . | . . . . . Combat Hostiles . | . . . . . Follow-up Attacks . | . . . . . Damage Inflicted 2911 | 131 1986 . . 794 Guns 1512 | 131 1293 . . 88 Cannons . | . . . . . Explosions 1384 | . 693 . . 691 Melee . | . . . . . Ramming 15 | . . . . 15 Kinetic 1512 | 131 1293 . . 88 Thermal 693 | . 693 . . . Explosive 691 | . . . . 691 Electromagnetic . | . . . . . Impact . | . . . . . Slashing . | . . . . . Piercing . | . . . . . Highest Corruption . | . . . . . Average Corruption . | . . . . . Corruption Purged . | . . . . . Corruption Blocked . | . . . . . Overload Shots . | . . . . . Overflow Damage 209 | . 198 . . 11 Projectiles . | . . . . . Explosions 209 | . 198 . . 11 Melee . | . . . . . Knockbacks . | . . . . . Impact . | . . . . . Kinetic . | . . . . . Secondary . | . . . . . Self-Inflicted Damage 54 | . . . . 54 Shots 3 | . . . . 3 Rammed 1 | . . . . 1 Targets Rammed 1 | . . . . 1 Kicked . | . . . . . Crushed . | . . . . . Highest Temperature 12 | . 12 . . 10 Average Temperature 6 | . 6 . . 10 Received Heat Transfer 218 | . 198 . . 20 Siege Activations . | . . . . . Martial Activations . | . . . . . Shielding Activations . | . . . . . Robots Disrupted . | . . . . . Combat Hostiles . | . . . . . Robots Corrupted . | . . . . . Combat Hostiles . | . . . . . Parts Fried . | . . . . . Impact Corruptions . | . . . . . Robots Melted . | . . . . . Combat Hostiles . | . . . . . Parts Melted . | . . . . . Heat Transferred 400 | . 400 . . . Parts Sabotaged . | . . . . . Parts Stolen . | . . . . . Parts Stripped . | . . . . . Power Chain Reactions . | . . . . . Alert | -11 -10 -10 -10 -9 ------- Run | Yrd Mat Min Exi Min Maximum Alert Level 1 | . 1 . . . Low Security (%) 67 | 100 50 100 . 100 Level 1 32 | . 49 . . . Level 2 . | . . . . . Level 3 . | . . . . . Level 4 . | . . . . . Level 5 . | . . . . . High Security . | . . . . . Max Security . | . . . . . Peak Influence 283 | 10 283 66 . 138 Initial 58 | . . 58 . . Average 130 | 1 176 46 . 58 Influence Increases 941 | 15 639 62 . 225 Destroy 0b10 Robot/C 540 | . 360 40 . 140 Destroy 0b10 Robot/NC 70 | 15 55 . . . Destroy Leader 100 | . 70 10 . 20 Allied During Kill 30 | . . 12 . 18 Successful Hack 12 | . 12 . . . Select Force Hacks 30 | . 30 . . . Disable Machine 60 | . 45 . . 15 Destroy Structure 54 | . 22 . . 32 Partial Spotted 15 | . 15 . . . Lose Combat Pursuer 30 | . 30 . . . Influence Decreases 941 | 15 489 172 40 225 Entered New Map 132 | . . 92 40 . Time Decay 748 | 15 479 60 . 194 Lost Part 41 | . 10 . . 31 Lost Ally 20 | . . 20 . . Squads Dispatched 5 | . 5 . . . Investigation 3 | . 3 . . . Extermination . | . . . . . Reinforcement 2 | . 2 . . . Assault . | . . . . . Garrison . | . . . . . Intercept . | . . . . . Searches Triggered . | . . . . . Construction Impeded . | . . . . . Haulers Reinforced . | . . . . . Active Scanning Responses . | . . . . . Cargo Convoy Interrupts . | . . . . . Stealth | -11 -10 -10 -10 -9 --------- Run | Yrd Mat Min Exi Min Distress Signals 3 | . 3 . . . Communications Jammed . | . . . . . Distress Signals . | . . . . . Times Spotted 56 | . 34 . . 22 Peak Tracking Total 9 | . 5 . . 9 Tactical Retreats 1 | . 1 . . . Traps | -11 -10 -10 -10 -9 ------- Run | Yrd Mat Min Exi Min Traps Triggered 1 | . 1 . . . Indirectly . | . . . . . Trap Hack Attempts . | . . . . . Triggered . | . . . . . Disarmed . | . . . . . Reprogrammed . | . . . . . Reused . | . . . . . Traps Extracted . | . . . . . Installed . | . . . . . Triggered . | . . . . . Machines | -11 -10 -10 -10 -9 ---------- Run | Yrd Mat Min Exi Min Machines Disabled 4 | . 3 . . 1 Max in Single Turn 3 | . 3 . . 1 Machines Repaired . | . . . . . Machines Dismantled . | . . . . . Machines Sabotaged . | . . . . . Overloaded Fab Kills . | . . . . . Hacking | -11 -10 -10 -10 -9 --------- Run | Yrd Mat Min Exi Min Machines Accessed 8 | . 7 . . 1 Terminals 5 | . 5 . . . Fabricators . | . . . . . Repair Stations 1 | . 1 . . . Recycling Units 1 | . 1 . . . Scanalyzers . | . . . . . Garrison Access . | . . . . . Total Hacks 21 | . 20 . . 1 Successful 9 | . 8 . . 1 Failed 11 | . 11 . . . Catastrophic 2 | . 2 . . . Database Lockouts 1 | . 1 . . . Manual 12 | . 12 . . . Terminals 14 | . 14 . . . Fabricators . | . . . . . Repair Stations 3 | . 3 . . . Recycling Units 3 | . 3 . . . Scanalyzers . | . . . . . Garrison Access . | . . . . . Terminal Hacks 5 | . 4 . . 1 Robot Analysis 2 | . 2 . . . Open Door 1 | . . . . 1 Maintenance Status 1 | . 1 . . . Recall Investigation 1 | . 1 . . . Fabricator Hacks . | . . . . . Repair Station Hacks 2 | . 2 . . . Scan Component 1 | . 1 . . . Repair 1 | . 1 . . . Recycling Unit Hacks 1 | . 1 . . . Retrieve Components 1 | . 1 . . . Scanalyzer . | . . . . . Garrison Access Hacks . | . . . . . Unauthorized Hacks 1 | . 1 . . . Terminals . | . . . . . Fabricators . | . . . . . Repair Stations . | . . . . . Recycling Units 1 | . 1 . . . Tunnel 1 | . 1 . . . Scanalyzers . | . . . . . Garrison Access . | . . . . . Data Cores Recovered . | . . . . . Used . | . . . . . Hacking Detections 6 | . 6 . . . Full Trace Events 2 | . 2 . . . Feedback Events . | . . . . . Feedback Blocked . | . . . . . Robot Schematics Acquired . | . . . . . Robots Built . | . . . . . Authchips . | . . . . . Time . | . . . . . Total Robot Build Rating . | . . . . . Part Schematics Acquired . | . . . . . Parts Built . | . . . . . Authchips . | . . . . . Time . | . . . . . Total Part Build Rating . | . . . . . Parts Repaired 1 | . 1 . . . Time 26 | . 26 . . . Parts Recycled . | . . . . . Recycled Matter . | . . . . . Retrieved Matter . | . . . . . Retrieved Components . | . . . . . Parts Scanalyzed . | . . . . . Part Schematics Acquired . | . . . . . Parts Damaged . | . . . . . Bothacking | -11 -10 -10 -10 -9 ------------ Run | Yrd Mat Min Exi Min Used RIF Installer . | . . . . . Robots Hacked . | . . . . . Non-combat . | . . . . . Combat . | . . . . . Robot Hacks Applied . | . . . . . Relay Couplers Released . | . . . . . Fabnet Peak Effective % . | . . . . . Robots Rewired . | . . . . . Allies Hacked . | . . . . . Hacks Repelled . | . . . . . Allies | -11 -10 -10 -10 -9 -------- Run | Yrd Mat Min Exi Min Total Allies 4 | . . 4 . . Largest Group 4 | . . 4 3 2 Highest-Rated Group 71 | . . 71 63 32 Highest-Rated Ally 31 | . . 31 31 16 Total Orders . | . . . . . Ally Attacks 35 | . . 15 . 20 Total Damage 308 | . . 131 . 177 Kills 8 | . . 2 . 6 Allies Corrupted . | . . . . . Allies Melted . | . . . . . Intel | -11 -10 -10 -10 -9 ------- Run | Yrd Mat Min Exi Min Active Infowar (turns) 2395 | 101 1321 122 398 453 Seismic 2395 | 101 1321 122 398 453 Robot Analysis Total 2 | . 2 . . . Derelict Logs Recovered 1 | . . . . 1 Drone Launches . | . . . . . Drone Recoveries . | . . . . . Exploration | -11 -10 -10 -10 -9 ------------- Run | Yrd Mat Min Exi Min Turns Passed 2427 | 133 1321 122 398 453 Spaces Moved 1430 | 69 738 84 285 254 Core 2 | 2 . . . . Treads 100 | 42 58 . . . Legs . | . . . . . Wheels 1328 | 25 680 84 285 254 Hover . | . . . . . Flight . | . . . . . Fastest Speed 50 | 50 95 140 140 140 Average Speed 135 | 133 132 140 140 140 Slowest Speed 200 | 160 200 140 140 140 Overloaded Moves . | . . . . . Propulsion Burnouts . | . . . . . Robots Hopped . | . . . . . Potential Cave-ins . | . . . . . Cave-ins Triggered . | . . . . . Exploration Rate (%) 48 | 5 93 17 74 52 Regions Visited 4 Branch Regions 3 Pre-discovered Areas 1 | . 1 . . . Known Exits Taken . | . . . . . Unknown Exits Taken 4 | 1 1 1 1 . Scrap Searched 1 | . . 1 . . Spaces Dug . | . . . . . Terrain Destroyed 66 | . 24 . . 42 Melee . | . . . . . Projectile . | . . . . . AOE 66 | . 24 . . 42 Terrain Rammed . | . . . . . Walls Destroyed . | . . . . . Machines Disabled . | . . . . . Actions | -11 -10 -10 -10 -9 --------- Run | Yrd Mat Min Exi Min Total 1693 | 91 906 88 284 324 Wait 93 | . 46 4 . 43 Move 1426 | 68 737 83 284 254 Hop . | . . . . . Pick Up 25 | 7 14 1 . 3 Fast Attach 9 | 7 2 . . . Attach 4 | . 1 . . 3 Detach . | . . . . . Swap 6 | 1 2 . . 3 Drop 6 | . 6 . . . Fire 123 | 8 98 . . 17 Melee . | . . . . . Ram 1 | . . . . 1 Kick . | . . . . . Crush . | . . . . . Escape Stasis . | . . . . . Rewire . | . . . . . Trap . | . . . . . Miscellaneous . | . . . . . Route ------- -11/Scrapyard -10/Materials (discovered 4 exits: [*Mat x3] / [*Min]) -10/Mines -10/Exiles -9/Mines (discovered 2 exits: [*Mat x2]) History --------- Turn | Location | Event 38 | -11/Scrapyard | Discovered new exit (range 16) 134 | -11/Scrapyard | Entered Materials 235 | -10/Materials | Central database locked down 301 | -10/Materials | Discovered new exit (range 7) 316 | -10/Materials | Build established: Mutant 423 | -10/Materials | Discovered new exit (range 8) 616 | -10/Materials | Discovered new exit (range 13) 669 | -10/Materials | Discovered new exit (range 15) 1101 | -10/Materials | Core integrity fell below 50% 1164 | -10/Materials | Repaired Assault Rifle 1455 | -10/Materials | Entered Mines 1499 | -10/Mines | Assisted by bots powering up and referring to "LRC-V3" 1526 | -10/Mines | Received a Mining Laser from a helpful Derelict 1554 | -10/Mines | Deemed a non-threat by the Exiles lab entrance 1556 | -10/Mines | Discovered new exit (range 5) 1577 | -10/Mines | Entered Exiles 1577 | -10/Exiles | Found Exiles lab abandoned 1577 | -10/Exiles | Accompanied by 3 allies 1964 | -10/Exiles | Discovered new exit (range 10) 1975 | -10/Exiles | Entered Mines 1975 | -9/Mines | Accompanied by 2 allies 2040 | -9/Mines | Discovered new exit (range 5) 2092 | -9/Mines | Discovered new exit (range 11) 2158 | -9/Mines | Met a Derelict who couldn't figure out how to use a Trap Extractor 2287 | -9/Mines | Learned Materials security intel 2351 | -9/Mines | Assembled infested the area 2356 | -9/Mines | Assisted by a Guerilla fighting off Assembled 2414 | -9/Mines | Destroyed 11 combat bots 2417 | -9/Mines | Core integrity fell below 20% 2428 | -9/Mines | Destroyed by D-53 Grenadier with Mini Grenade Launcher Last Messages --------------- 02387_ as-24627 destroyed. 02387_ as-23483 destroyed. 02387_ Lgt. Ion Engine destroyed. 02387_ Destroyed Lgt. Ion Engine. 02388_ as-71573 destroyed. 02389_ T-07 Excavator is excavating. 02389_ as-94524 destroyed. 02389_ Destroyed Asb. F-torch. 02389_ as-27880 destroyed. 02391_ as-50607 destroyed. 02392_ as-80556 destroyed. 02393_ as-44603 destroyed. 02394_ T-07 Excavator is excavating. 02416_ Assault Rifle severed. 02422_ The unstable cave ceiling collapses. 02423_ Lgt. Ion Engine destroyed. 02425_ The unstable cave ceiling collapses. 02426_ Wheel destroyed. 02426_ Lgt. Treads destroyed. 02427_ The unstable cave ceiling collapses. Map ----- +----------------------------------------------------+ | ?????????????????????????????????????#??######### | | ????????????????????????????????????????????????# | | ???????????????????????????????????????????????## | | ??????????????????????????????????????????????## | | ??????????????????????????????????????????????# | | ??????????????????????????????????????????????# | | ??????????????????????????????????????????????## | | ???????????????????????????????????????????????## | | ????????????????????????????????????????????????## | | ????????????????????????????????????########?????# | | ????????????????????????????????????# #?????? | | ??????????????????????????????###???# #### #??#### | | ?????????????????????????????## #??# #???????# | | ???????????????????????####### ### #??# #### ## | | ?????????????????????? ## ##?# #? | | ????????????????????????????# ########%#? | | ?????????????????????????????# ####### #? | | ???????????????#?????????????## #? | | ???????????????# ?????????????# ########? | | ???????????????# ?????????????## ##???????? | | ?????????????### "?????????????## # ##???????? | | ????????#????# ?????????????# ## ##???#### | | ????????# ? ????????????# ### #???#" # | | ???????## # #########????# #?# ##??# ! | | ???????# #d # #### #?## #??# !! | | ???????# =%[ %=d a@ #??## ##?#=*^ | | ????????# ########???# #?#"[% | | ????????# # # #??????????## ### [# | | ????????## ## #??# #???????????## ##### | | ?????????# %% #??# ##?????????????????# #??? | | ????????# ##*=#????# #??????????????????# #??? | | ??????????#=%?????# ??????????????????## #?? | | ????????? ???????# #????????????????????# #? | | ????????? ????????# #?????????????????????# ##? | | ?????????????????? #???????????????????????###?? | | ??????????????????###????????????????????????????? | | ?????????????????????????????????????????????????? | | ?????????????????????????????????????????????????? | | ?????????????????????????????????????????????????? | | ?????????????????????????????????????????????????? | | ?????????????????????????????????????????????????? | | ?????????????????????????????????????????????????? | | ?????????????????????????????????????????????????? | | | | | | | | | | | | | | | +----------------------------------------------------+ Best States ------------- Heat Dissipation 25 Energy Generation 10 Energy Capacity 125 Matter Stores 300 Matter Capacity 300 Sight Range 16 Terrain Scan Density 10 Evasion (%) 41 Recoil Reduction 1 Item Schematics ----------------- None Robot Schematics ------------------ None Fabricated ------------ Nothing Repaired ---------- Assault Rifle | 16% | -10/Materials Alien Tech Used ----------------- None Achievements -------------- None Challenges ------------ None Game ------ Seed ArmorIonNanovents Manual? 0 Play Time 00:15:25 Cumulative 62.1 hours Start 2025.09.20 @ 01:59:18 End 2025.09.20 @ 03:12:25 Sessions 1 Manual Loads 0 Difficulty Rogue Special Mode None Game No. 119 Rogue 119 Adventurer 0 Explorer 0 Win Type - Total 0 Types 0/0/0/0/0/0/0/0/0/0 Lore% 49 Gallery% 36 Achievement% 34 Wizard Run 0 Options --------- Layout 2 ASCII 0 Keyboard 1 Movement Arrows Keybinds 0 Fullscreen 2 Font 32/SmallcapsGlow Map View 50x44 Zoom Use 0% Tactical HUD 1 Map Filters NONE Filters NONE Steam 1 RUN: b3db7197-6f20-4f4e-82df-297675daa1a1